 Dungeon Crawl Stone Soup version 0.27.0-1-g7a089689b8 (webtiles) character file.

Game seed: 16449358472424274506

159 HungrySpirit the Skirmisher (level 5, -7/46 HPs)
             Began as a Mummy Abyssal Knight on Aug 1, 2021.
             Was a Follower of Lugonu.
             Killed by divine providence
             ... invoked by an orc priest
              (13 damage)
             ... on level 3 of the Dungeon.
             The game lasted 00:03:41 (2626 turns).

HungrySpirit the Skirmisher (Mummy Abyssal Knight)  Turns: 2626, Time: 00:03:41

Health: -7/46      AC:  6    Str: 15    XL:     5   Next: 17%
Magic:  6/6        EV: 10    Int: 11    God:    Lugonu [*.....]
Gold:   117        SH:  0    Dex: 13    Spells: 4/4 levels left

rFire    . . .     SeeInvis .   a - +1 short sword
rCold    + . .     Faith    .   (no shield)
rNeg     + + +     Spirit   .   d - +0 ring mail
rPois    ∞         Reflect  .   j - +0 helmet
rElec    .         Harm     .   (no cloak)
rCorr    .         Rampage  .   (no gloves)
Will     .....                  (no boots)
Stlth    +.........             (no amulet)
HPRegen  0.15/turn              i - ring of protection from fire
MPRegen  0.10/turn              (no ring)

@: no status effects
A: cold resistance 1, negative energy resistance 3, torment resistance 2, heat
vulnerability 1, no potions
a: Renounce Religion, Depart the Abyss


You were on level 3 of the Dungeon.
You worshipped Lugonu.
Lugonu was aware of your devotion.
You visited 1 branch of the dungeon, and saw 3 of its levels.
You visited the Abyss 1 time.

You collected 117 gold pieces.

Inventory:

Hand Weapons
 a - a +1 short sword (weapon)
Armour
 d - a +0 ring mail (worn)
 j - a +0 helmet (worn)
Jewellery
 i - a ring of protection from fire (left hand)
 l - a ring of wizardry
Wands
 c - a wand of iceblast (1)
Scrolls
 b - a scroll of fear {unknown}
 e - 2 scrolls of noise {unknown}
 f - 3 scrolls of identify {unknown}
 g - a scroll of enchant weapon {unknown}
 h - a scroll of vulnerability {unknown}
 k - 2 scrolls of amnesia {unknown}


   Skills:
 + Level 5.9 Fighting
 - Level 1.5 Short Blades
 - Level 1.5 Armour
 - Level 0.7 Dodging
 - Level 1.5 Invocations


You had 4 spell levels left.
You didn't know any spells.
Your spell library contained the following spells:

 Spells                   Type           Power      Damage    Failure   Level
 Slow                     Hex            0%         N/A       71%         2
 Confusing Touch          Hex            0%         N/A       90%         3
 Yara's Violent Unravell  Hex/Tmut       0%         3d3       100%        5


Dungeon Overview and Level Annotations

Branches:
Dungeon (3/15)

Altars:


Innate Abilities, Weirdness & Mutations

You are immune to poison.
Your flesh is cold resistant. (rC+)
You are immune to negative energy. (rN+++)
You are immune to unholy pain and torment.
You are vulnerable to heat. (rF-)
You do not drink.


Message History

The orc priest hits you with a +0 mace!
You hit the orc priest but do no damage.
The orc priest is moderately wounded.
The orc priest hits you with a +0 mace.
You hit the orc priest.
The orc priest is moderately wounded.
The orc priest hits you with a +0 mace.
* * * LOW HITPOINT WARNING * * *
The orc shouts!
You hit the orc priest but do no damage.
The orc priest is moderately wounded.
You hear a bark!
The orc priest hits you but does no damage.
You closely miss the orc priest.
The orc priest is moderately wounded.
The orc priest hits you with a +0 mace.
* * * LOW HITPOINT WARNING * * *
You hit the orc priest but do no damage.
The orc priest is moderately wounded.
The orc hits you but does no damage. The orc priest completely misses you.
You hit the orc priest but do no damage.
The orc priest is moderately wounded.
The orc barely misses you.
A jackal comes into view.
The orc priest hits you with a +0 mace.
* * * LOW HITPOINT WARNING * * *
You hit the orc priest.
The orc priest is heavily wounded.
The orc closely misses you.
The orc priest looks braver for a moment.
You hit the orc priest.
The orc priest is severely wounded.
The orc barely misses you. The orc priest hits you with a +0 mace.
* * * LOW HITPOINT WARNING * * *
You hit the orc priest but do no damage.
The orc priest is severely wounded.
The orc misses you.
The orc priest calls down the wrath of Beogh upon you.
Beogh smites you!
You die...

..... #..$ ###. .... #.
.#... # #
################## #
.......#.......#.. #
.#####.#.#####.#h# #
.#...#.#.#...#.#o#
.#.#...#.#.#†..#@#
.#.#####.#.#####o#
##.......#....)).#
##################
............)..######
.##..#.#.##.##.##...#
.....#.#.##.##.##...#
.....#...##.##.##...####
.##..#.#.##.##.........#


You could see an orc priest, an orc and a jackal.

Vanquished Creatures
  Jessica (D:2)
  Terence (D:2)
  An orc wizard (D:3)
  Robin (D:2)
  2 adders
  A worm (D:2)
  2 dart slugs
  6 orcs
  3 bats
  4 giant cockroaches
  9 goblins
  4 hobgoblins
  3 ball pythons
  A frilled lizard (D:2)
  6 rats
45 creatures vanquished.

Notes
Turn   | Place    | Note
-------+----------+-------------------------------------------
     0 | Abyss:1  | HungrySpirit the Mummy Abyssal Knight began the quest for
                  | the Orb.
     0 | Abyss:1  | Reached XP level 1. HP: 18/18 MP: 2/2
    25 | Abyss:1  | Found a shimmering blue altar of Sif Muna.
    79 | Abyss:2  | Noticed a neqoxec
    85 | Abyss:2  | Found a corrupted altar of Lugonu.
    93 | D:1      | Escaped the Abyss
   616 | D:1      | Reached XP level 2. HP: 23/24 MP: 3/3
   667 | D:1      | Reached * piety under Lugonu
  1074 | D:2      | Reached skill level 4 in Fighting
  1076 | D:2      | Reached XP level 3. HP: 18/30 MP: 4/4
  1189 | D:2      | Noticed Jessica
  1201 | D:2      | Killed Jessica
  1310 | D:2      | Found a faded altar of an unknown god.
  1503 | D:2      | Noticed Robin
  1509 | D:2      | Killed Robin
  1510 | D:2      | Reached skill level 5 in Fighting
  1510 | D:2      | Reached XP level 4. HP: 34/39 MP: 5/5
  1893 | D:2      | Noticed Terence
  1909 | D:2      | Killed Terence
  2232 | D:2      | Reached XP level 5. HP: 23/46 MP: 6/6
  2626 | D:3      | Killed from afar by an orc priest

Illustrated notes

Levels and vault maps discovered:
D:1:      lemuel_arrival_rhombus, layout_basic
D:2:      layout_basic, basic_ecumenical_altar, kennysheep_pointless_box,
          uniq_robin, uniq_terence, uniq_jessica
D:3:      layout_loops_cross, led_sif_book, patterned_corridor

Skill      XL: |  1  2  3 |
---------------+----------+-----
Fighting       | 4 5 |  5.9
Short Blades   | |  1.5
Armour         | |  1.5
Dodging        | |  0.7
Invocations    | |  1.5

Action                   |  1- 3 |  4- 6 || total
-------------------------+-------+-------++-------
Melee: Short sword       |    90 |   128 ||   218
Invok: Depart the Abyss  |     1 |       ||     1
Evoke: Wand              |     4 |     1 ||     5
Armor: Ring mail         |    39 |    32 ||    71
Dodge: Dodged            |    34 |    60 ||    94
